 Dungeon Crawl Stone Soup version 0.25-a0-166-g16436c4407 (webtiles) character file.

Game seed: 11310612982488719464, levelgen mode: deterministic

1319 D1HalberdGnoll the Spear-Bearer (level 8, -1/64 HPs)
             Began as a Merfolk Skald on Nov 23, 2019.
             Was a Believer of Fedhas.
             Killed by divine providence
             ... invoked by an orc priest
              (8 damage)
             ... on level 6 of the Dungeon.
             The game lasted 00:10:56 (7390 turns).

D1HalberdGnoll the Spear-Bearer (Merfolk Skald)     Turns: 7390, Time: 00:10:57

Health: -1/64      AC:  9    Str: 20    XL:     8   Next: 59%
Magic:  8/11       EV: 14    Int: 15    God:    Fedhas [**....]
Gold:   168        SH:  5    Dex: 13    Spells: 8/11 levels left

rFire    . . .     SeeInvis .   B - +11 mace "Orb Guardian's Regret" {flame, *Slow rC+ Str+5 Int+2}
rCold    + . .     Gourm    .   k - +0 buckler
rNeg     . . .     Faith    .   o - +0 ring mail
rPois    .         Spirit   .   l - -2 helmet
rElec    .         Reflect  .   A - +1 cloak
rCorr    .         Harm     .   f - +2 pair of gloves
MR       .....     Clarity  +   (no boots)
Stlth    +.........             (no amulet)
HPRegen  0.20/turn              (no ring)
MPRegen  0.12/turn              (no ring)

@: no status effects
A: change form in water, swift swim, stealthy swim, clarity, strong 1
a: Wall of Briars, Renounce Religion


You were on level 6 of the Dungeon.
You worshipped Fedhas.
Fedhas was pleased with you.
You were not hungry.

You visited 2 branches of the dungeon, and saw 7 of its levels.

You collected 168 gold pieces.

Inventory:

Hand Weapons
 a - a +0 spear
 B - the +11 mace "Orb Guardian's Regret" (weapon) {flame, *Slow rC+ Str+5 Int+2}
   (You found it on level 6 of the Dungeon)

   It has been specially enchanted to burn those struck by it, causing extra
   injury to most foes and up to half again as much damage against particularly
   susceptible opponents.
   It affects your strength (+5).
   It affects your intelligence (+2).
   It protects you from cold.
   It may slow you when you take damage.
Missiles
 g - 30 poisoned darts (quivered)
 q - 3 atropa-tipped darts
Armour
 f - a +2 pair of gloves (worn)
 k - a +0 buckler (worn)
 l - a -2 helmet (worn)
 o - a +0 ring mail (worn)
 A - a +1 cloak (worn)
Jewellery
 e - a +3 ring of protection {unknown}
Wands
 n - a wand of paralysis (9)
 r - a wand of flame (15)
 v - a wand of digging (11)
 x - a wand of polymorph (17)
 y - a wand of iceblast (7)
Scrolls
 b - a scroll of amnesia
 c - 3 scrolls of teleportation
 i - 6 scrolls of identify
 j - 3 scrolls of noise
 p - 4 scrolls of remove curse
Potions
 h - a potion of mutation
 m - 3 potions of haste
 u - 2 potions of lignification {unknown}
 w - a potion of flight
Comestibles
 d - 8 rations


   Skills:
 + Level 6.0 Fighting
 * Level 8.9 Polearms
 - Level 0.6 Armour
 + Level 6.0 Dodging
 - Level 4.0 Shields
 - Level 2.0 Spellcasting
 + Level 4.3 Charms


You had 8 spell levels left.
You knew the following spells:

 Your Spells              Type           Power        Failure   Level  Hunger
a - Infusion              Chrm           ##..         6%          1    #......
b - Song of Slaying       Chrm           ##......     10%         2    ###....

Your spell library contained the following spells:

 Spells                   Type           Power        Failure   Level  Hunger
 Shroud of Golubria       Chrm/Tloc      #.....       24%         2    ###....
 Animate Skeleton         Necr           N/A          36%         1    #......
 Apportation              Tloc           #.....       36%         1    #......
 Confusing Touch          Hex            #.....       36%         1    #......
 Summon Small Mammal      Summ           #...         36%         1    #......
 Regeneration             Chrm/Necr      #.........   43%         3    ###....
 Spectral Weapon          Hex/Chrm       #.......     43%         3    ###....


Dungeon Overview and Level Annotations

Branches:
Dungeon (6/15)             Temple (1/1) D:5

Altars:
Ashenzari
Elyvilon
Fedhas
Gozag
Hepliaklqana
Kikubaaqudgha
Makhleb
Nemelex Xobeh
Okawaru
Qazlal
Sif Muna
Uskayaw
Vehumet
Wu Jian
Xom
Zin
The Shining One

Annotations:
D:4 3 runed translucent doors, anet's ghost, novice GnWn
D:5 exclusion: downstairs


Innate Abilities, Weirdness & Mutations

You revert to your normal form in water.
You are very nimble and swift while swimming.
You are very stealthy in the water. (Stealth+)
You possess an exceptional clarity of mind.
Your muscles are strong. (Str +2)


Message History

The adder hisses angrily.
The orc priest mumbles some strange prayers to Beogh against you.
Beogh smites you!
The orc priest calls down the wrath of Beogh upon you.
Beogh smites you!
* * * LOW HITPOINT WARNING * * *
A briar patch grows up from the ground. x3; You feel slightly more hungry.
The orc priest calls down the wrath of Beogh upon you.
Beogh smites you!
* * * LOW HITPOINT WARNING * * *
You walk carefully through the plants.
The orc warrior hits your briar patch with a +0 trident!
The adder bites your briar patch but does no damage.
The orc warrior is struck by your briar patch's thorns.
The orc warrior hits your briar patch with a +0 trident.
Your briar patch is destroyed!
The orc priest invokes the aid of Beogh against you.
Beogh smites you!
You die...
Fedhas appreciates your contribution to the ecosystem.

.### ####......#
..8#####.#.....#.#
......##......##.#
.............###.#
..........#### #.#
...#.###### #.#
###### #.#
######### #.#
....#...########@#
............oo..P#
.............S####
..............#
.........o.o..#
............†.#
..............#
..............#
..............#


You could see an orc warrior, an orc priest, an adder and 2 orcs.

Vanquished Creatures
  Sigmund (D:2)
  A sky beast (D:6)
  A black bear (D:6)
  2 ogres (D:4)
  3 centaurs (D:5)
  3 crimson imps
  A quasit (D:5)
  A hound (D:6)
  Crazy Yiuf (D:5)
  An orc priest (D:5)
  4 worker ants
  An orc wizard (D:3)
  4 gnolls
  5 adders
  An adder zombie (D:4)
  2 worms (D:3)
  2 dart slugs (D:3)
  2 leopard geckos
  21 orcs
  2 ball pythons (D:1)
  6 bats
  4 giant cockroaches
  9 goblins
  3 hobgoblins (D:1)
  6 jackals
  A quokka (D:3)
  8 frilled lizards
  7 kobolds
  5 rats
108 creatures vanquished.

Vanquished Creatures (collateral kills)
  A bullfrog skeleton (D:6)
  An orc priest (D:5)
  A leopard gecko (D:6)
  An orc (D:5)
4 creatures vanquished.

Vanquished Creatures (others)
  2 fungi (D:4)
2 creatures vanquished.

Grand Total: 114 creatures vanquished

Notes
Turn   | Place    | Note
-------+----------+-------------------------------------------
     0 | D:1      | D1HalberdGnoll the Merfolk Skald began the quest for the
                  | Orb.
     0 | D:1      | Reached XP level 1. HP: 16/16 MP: 3/3
   158 | D:1      | Reached XP level 2. HP: 15/23 MP: 5/5
   880 | D:2      | Reached skill level 4 in Polearms
   880 | D:2      | Reached XP level 3. HP: 20/28 MP: 2/6
  1189 | D:2      | Found an opulent altar of Gozag.
  1218 | D:2      | Reached skill level 1 in Shields
  1434 | D:2      | Noticed Sigmund
  1440 | D:2      | Found a stormy altar of Qazlal.
  1497 | D:2      | Killed Sigmund
  1497 | D:2      | Reached skill level 5 in Polearms
  1497 | D:2      | Reached XP level 4. HP: 7/35 MP: 0/7
  1497 | D:2      | Reached XP level 5. HP: 8/41 MP: 0/8
  1857 | D:2      | Found a blossoming altar of Fedhas.
  1881 | D:2      | Became a worshipper of Fedhas Madash
  2088 | D:3      | Learned a level 2 spell: Song of Slaying
  2335 | D:3      | Reached XP level 6. HP: 39/47 MP: 6/9
  2373 | D:3      | Gained mutation: Your muscles are strong. (Str +2) [potion
                  | of mutation]
  2373 | D:3      | Gained mutation: You possess an exceptional clarity of
                  | mind. [potion of mutation]
  2441 | D:3      | Reached * piety under Fedhas
  2609 | D:3      | Found a glowing silver altar of Zin.
  2609 | D:3      | Noticed an angel
  4001 | D:4      | Reached XP level 7. HP: 14/54 MP: 3/10
  4272 | D:4      | Reached skill level 5 in Dodging
  4480 | D:4      | Reached ** piety under Fedhas
  4619 | D:4      | Found an ornate altar of the Wu Jian Council.
  4706 | D:4      | Found a runed translucent gate.
  4706 | D:4      | Found a runed translucent gate.
  4707 | D:4      | Found a runed translucent gate.
  4708 | D:4      | Noticed anet's ghost (novice GnWn)
  4826 | D:5      | Entered Level 5 of the Dungeon
  4867 | D:4      | Reached skill level 6 in Polearms
  4975 | D:5      | Found a staircase to the Ecumenical Temple.
  4992 | Temple   | Entered the Ecumenical Temple
  5691 | D:5      | Reached skill level 5 in Fighting
  5691 | D:5      | Reached skill level 7 in Polearms
  6076 | D:5      | Reached XP level 8. HP: 34/63 MP: 3/11
  6356 | D:5      | Found a runed translucent door.
  6357 | D:5      | Noticed Crazy Yiuf
  6500 | D:5      | Killed Crazy Yiuf
  6500 | D:5      | Reached skill level 8 in Polearms
  7163 | D:6      | Got a polished mace
  7181 | D:6      | Identified the +11 mace "Orb Guardian's Regret" {flame,
                  | *Slow rC+ Str+5 Int+2} (You found it on level 6 of the
                  | Dungeon)
  7238 | D:6      | Found a shattered altar of Ashenzari.
  7328 | D:6      | Found a glowing golden altar of the Shining One.
  7390 | D:6      | Killed from afar by an orc priest

Levels and vault maps discovered:
D:1:      lordsloth_arrival_two_stooges, layout_loops_ring
D:2:      layout_rooms, lemuel_doored_altar, old_standard_altar,
          fedhas_altar_fruit_tree, first_ration, uniq_sigmund
D:3:      layout_rooms, zin_angel, minmay_fountain_box
D:4:      layout_basic, kennysheep_mini_moat, gammafunk_ghost_nasty_kobolds
D:5:      layout_gridville, minmay_temple_entry_offerings,
          uniq_crazy_yiuf_cottage
D:6:      layout_rooms, nicolae_tso_carved_into_rock, marbit_many_paths,
          wad_floor_pattern_2, kennysheep_generic_room_10
Temple:   jpeg_temple_alley_garden

Skill      XL: |  1  2  3  4  5  6  7  8 |
---------------+-------------------------+-----
Dodging        | 3 4 5 6 |  6.0
Polearms       | 4 5 7 8 |  8.9
Shields        | 2 3 4 |  4.0
Fighting       | 3 4 5 6 |  6.0
Charms         | 4 |  4.3
Armour         | |  0.6
Spellcasting   | |  2.0

Action                   |  1- 3 |  4- 6 |  7- 9 || total
-------------------------+-------+-------+-------++-------
Melee: Spear             |   107 |   230 |   229 ||   566
       Mace              |       |       |     6 ||     6
Throw: Dart              |       |     6 |     7 ||    13
 Cast: Infusion          |     4 |     5 |     8 ||    17
       Song of Slaying   |       |     5 |     6 ||    11
Invok: Wall of Briars    |       |       |     3 ||     3
Evoke: Wand              |       |     1 |     2 ||     3
  Use: Scroll            |     2 |     3 |     6 ||    11
       Potion            |     1 |     3 |     1 ||     5
 Stab: Invisible         |     1 |     1 |       ||     2
       Paralysed         |       |     5 |     4 ||     9
  Eat: Chunk             |     2 |     8 |     9 ||    19
       Ration            |       |       |     1 ||     1
Armor: Leather armour    |    20 |    20 |       ||    40
       Ring mail         |       |    22 |    74 ||    96
Dodge: Dodged            |    58 |    95 |   140 ||   293
Block: Buckler           |     9 |    44 |    53 ||   106

Table legend:
 A = Non-vault XP
 B = Vault XP
 C = Vault XP percentage of total XP
 D = Non-vault monster count
 E = Vault monster count
 F = Vault count percentage of total count
                 A         B        C        D         E       F
            +---------+---------+-------+---------+---------+-------
      Total |    1548 |     337 |  17.9 |     108 |       4 |   3.6
            +---------+---------+-------+---------+---------+-------
        D:1 |      25 |       0 |   0.0 |      14 |       0 |   0.0
        D:2 |      46 |     208 |  81.9 |      15 |       1 |   6.2
        D:3 |     175 |       0 |   0.0 |      37 |       0 |   0.0
        D:4 |     376 |       0 |   0.0 |      11 |       0 |   0.0
        D:5 |     549 |      42 |   7.1 |      20 |       1 |   4.8
        D:6 |     377 |      87 |  18.8 |      11 |       2 |  15.4
            +---------+---------+-------+---------+---------+-------
